 Dungeon Crawl Stone Soup version 0.30-a0-377-g5cb311bc9f (webtiles) character file.

Game seed: 2732455063590450553

3525 ragingrage the Tainter (level 9, -8/62 HPs)
             Began as a Demonspawn Venom Mage on Nov 30, 2022.
             Was a Believer of Sif Muna.
             Killed from afar by an acid dragon (22 damage)
             ... with a splash of acid
             ... on level 9 of the Dungeon.
             The game lasted 00:14:08 (9114 turns).

ragingrage the Tainter (Demonspawn Venom Mage)      Turns: 9114, Time: 00:14:08

Health: -8/62      AC: 14    Str:  9    XL:     9   Next: 82%
Magic:  17/22      EV: 11    Int: 31    God:    Sif Muna [**....]
Gold:   202        SH:  5    Dex: 14    Spells: 4/14 levels left

rFire   . . .      SeeInvis .    a - +3 dagger
rCold   . . .      Faith    .    (no shield)
rNeg    + . .      Spirit   .    c - +3 leather armour of Azaruute {Drain +Blink rN+ Int+5}
rPois   .          Reflect  +    (helmet restricted)
rElec   .          Harm     .    (no cloak)
rCorr   .          Rampage  .    E - +0 pair of gloves
Will    .....                    g - +0 pair of boots
Stlth   ++........               C - amulet of reflection
HPRegen 0.30/turn                H - +6 ring of intelligence
MPRegen 0.18/turn                s - ring of magical power

@: marked, sanguine armoured
A: horns 2, powered by pain 1, sanguine armour 1, demonic magic 1
a: Renounce Religion, Evoke Blink, Channel Magic


You were on level 9 of the Dungeon.
You worshipped Sif Muna.
Sif Muna was pleased with you.
You visited 2 branches of the dungeon, and saw 10 of its levels.
You also visited: Sewer.

You collected 598 gold pieces.
You spent 396 gold pieces at shops.

Inventory:

Hand Weapons
 a - a +3 dagger (weapon)
 b - a +1 whip of electrocution
Missiles
 D - 18 poisoned darts
Armour
 c - the +3 leather armour of Azaruute (worn) {Drain +Blink rN+ Int+5}
   (You found it on level 3 of the Dungeon)

   Int:       It affects your intelligence (+5).
   rN:        It protects you from negative energy.
   +Blink:    It lets you blink.
   Drain:     It drains your maximum health when unequipped.
 g - a +0 pair of boots (worn)
 l - a +0 ring mail of cold resistance
 E - a +0 pair of gloves (worn)
 L - +0 acid dragon scales
Jewellery
 s - a ring of magical power (right hand)
 C - an amulet of reflection (around neck)
 H - a +6 ring of intelligence (left hand)
Wands
 k - a wand of quicksilver (14)
 q - a wand of charming (9)
 K - a wand of digging (5)
Scrolls
 d - 3 scrolls of blinking
 e - 3 scrolls of fear
 f - a scroll of vulnerability {unknown}
 i - 5 scrolls of poison
 r - 3 scrolls of identify
 t - a scroll of enchant weapon {unknown}
 v - a scroll of teleportation {unknown}
 w - 2 scrolls of immolation
 y - 2 scrolls of enchant armour
 B - 2 scrolls of amnesia {unknown}
 F - a scroll of torment {unknown}
Potions
 h - 2 potions of lignification {unknown}
 j - 3 potions of attraction {unknown}
 m - 3 potions of cancellation
 n - 4 potions of brilliance {unknown}
 o - 3 potions of invisibility {unknown}
 p - a potion of curing
 u - a potion of ambrosia {unknown}
 x - 2 potions of mutation {unknown}
 z - 3 potions of degeneration {unknown}
 A - a potion of berserk rage {unknown}
 G - 5 potions of heal wounds
 I - 2 potions of flight
 J - 3 potions of magic
 M - a potion of resistance {unknown}
 N - a potion of haste {unknown}


   Skills:
 + Level 2.7 Fighting
 + Level 2.4 Short Blades
 - Level 1.7 Dodging
 + Level 3.7 Stealth
 + Level 3.2 Spellcasting
 - Level 3.0 Conjurations
 - Level 0.8 Transmutations
 + Level 4.7 Air Magic
 + Level 10.4 Poison Magic
 + Level 5.7 Invocations


You had 4 spell levels left.
You knew the following spells:

 Your Spells              Type           Power      Damage    Failure   Level
a - Sting                 Tmut/Pois      100%       1d8       1%          1
b - Poisonous Vapours     Pois/Air       100%       N/A       1%          2
c - Mephitic Cloud        Conj/Pois/Air  42%        N/A       2%          3
d - Olgreb's Toxic Radia  Pois           63%        N/A       1%          4

Your spell library contained the following spells:

 Spells                   Type           Power      Damage    Failure   Level
 Sublimation of Blood     Necr           5%         N/A       14%         2
 Frozen Ramparts          Ice            10%        1d2       28%         3
 Ice Form                 Ice/Tmut       7%         N/A       58%         4
 Petrify                  Tmut/Erth      7%         N/A       58%         4
 Summon Ice Beast         Ice/Summ       5%         N/A       67%         4
 Irradiate                Conj/Tmut      8%         3d14      75%         5


Dungeon Overview and Level Annotations

Branches:
Dungeon (9/15)             Temple (1/1) D:7           Sewer (visited)
   Lair: D:8-11         Orc: D:9-12

Altars:
Ashenzari
Dithmenos
Fedhas
Nemelex Xobeh
Sif Muna
Vehumet
Xom
Yredelemnul

Shops:
D:5 =

Annotations:
D:2 1 runed translucent door, Crazy Yiuf, Sigmund
D:4 2 transporters, Dowan; pigah's ghost, novice OpWn
D:9 exclusion: acid dragon


Innate Abilities, Weirdness & Mutations

You have a pair of horns on your head.
You sometimes gain a little power by taking damage.
When seriously injured, your blood forms armour. (AC +6)
Spells you cast may paralyse adjacent enemies.


Message History

You now have 202 gold pieces (gained 12).
Found an escape hatch in the floor.
Found a scroll labelled LEATWITHESH.
Found a lumpy bone amulet.
There is an escape hatch in the floor here.
A two-headed ogre comes into view. It is wielding two +0 giant clubs.
You see here an amulet of magic regeneration.
The two-headed ogre pulls the alarm!
The alarm trap emits a blaring wail!
A sentinel's mark forms upon you.
You hear an angry hiss.
You hear a roar!
You hear a shout! x6
You hear a shout! x4
Aiming: Poisonous Vapours (safe; 1% risk of failure)
Press: ? - help, Q - select action, (/) - cycle Dir - move target, f - two-headed ogre
Aim: a two-headed ogre, wielding two +0 giant clubs Poisonous vapours surround the two-headed ogre!
The two-headed ogre looks as sick as possible!
Malevolent energies surge around you.
Aiming: Poisonous Vapours (safe; 1% risk of failure)
Press: ? - help, Q - select action, (/) - cycle Dir - move target, f/p - two-headed ogre
Aim: a two-headed ogre, wielding two +0 giant clubs (lightly wounded, extremely poisoned) Poisonous vapours surround the two-headed ogre!
The two-headed ogre looks as sick as possible!
Malevolent energies surge around you.
Found a stone staircase leading up.
You hear the faint creaking of a very distant portcullis.
Aiming: Poisonous Vapours (safe; 1% risk of failure)
Press: ? - help, Q - select action, (/) - cycle Dir - move target, f/p - two-headed ogre
Aim: a two-headed ogre, wielding two +0 giant clubs (moderately wounded, very poisoned) Poisonous vapours surround the two-headed ogre!
The two-headed ogre looks as sick as possible!
Malevolent energies surge around you.
The two-headed ogre hits you with a +0 giant club!!
Your blood congeals into armour.
The two-headed ogre hits you with a +0 giant club!!
* * * LOW HITPOINT WARNING * * *
A troll comes into view.
The acid dragon spits acid at you. The splash of acid hits you!!
You die...

#.........## #### ###.
#.........# ##... ..#.#
#.........###...###.#.+
##..##.....#...#...#.#####
###..##.....#>............#
#..)).......##..#...##.#...
#.##.###.#####......T..#..#
#.##.)...#####.##...#.T....
#..)......@.O.......#.#....
#..#.#.......###..#.#.#....
###......####...........#....
#......[.[.###..##.#..###...#
#.##.#.###.###..##.#..# #...#
#......................####...
#####(#####.###..D........#..#
#.............#....##.#...
.<......###.#.#....##.#...


You could see a two-headed ogre (very poisoned) and an acid dragon (catching
breath).

Vanquished Creatures
  Pikel (D:4)
  Joseph (D:8)
  Maggie (D:7)
  A troll (D:9)
  A water moccasin (D:6)
  An acid dragon (D:9)
  An orc warrior (D:9)
  2 black bears
  3 ogres
  3 centaurs
  A kobold brigand (Sewer)
  A phantom (D:6)
  A lemure (D:4)
  2 bullfrogs
  A wight (D:8)
  3 killer bees (D:8)
  A howler monkey (D:5)
  5 hounds
  A jelly (D:7)
  An orc priest (D:7)
  7 iguanas
  Natasha (thrice) (D:2)
  2 orc wizards (D:4)
  A river rat (Sewer)
  12 adders
  2 white imps (D:6)
  2 ufetubi
  2 worms
  2 dart slugs (D:4)
  26 orcs
  6 endoplasms
  5 giant cockroaches
  3 goblins (D:1)
  7 hobgoblins
  3 jackals (Sewer)
  4 quokkas
  3 ball pythons
  A bat (D:2)
  6 frilled lizards
  11 kobolds
  8 rats
148 creatures vanquished.

Vanquished Creatures (others)
  4 fungi (D:1)
  6 plants (D:4)
  3 toadstools (D:1)
  2 withered plants (D:1)
15 creatures vanquished.

Grand Total: 163 creatures vanquished

Notes
Turn   | Place    | Note
-------+----------+-------------------------------------------
     0 | D:1      | ragingrage the Demonspawn Venom Mage began the quest for
                  | the Orb.
     0 | D:1      | Reached XP level 1. HP: 13/13 MP: 3/3
   268 | D:1      | Gained mutation: You have a pair of small horns on your
                  | head. [demonic ancestry]
   268 | D:1      | Reached XP level 2. HP: 17/19 MP: 1/5
   280 | D:1      | Learned a level 2 spell: Poisonous Vapours
   726 | D:1      | Found a faded altar of an unknown god.
   970 | D:2      | Noticed Sigmund
   989 | D:2      | Reached skill level 1 in Air Magic
  1003 | D:2      | Gained mutation: When seriously injured, your blood forms
                  | armour. (AC +6) [demonic ancestry]
  1003 | D:2      | Reached XP level 3. HP: 24/24 MP: 1/6
  1056 | D:2      | Learned a level 3 spell: Mephitic Cloud
  1100 | D:2      | Reached skill level 4 in Poison Magic
  1205 | D:2      | Noticed Natasha
  1214 | D:2      | Killed Natasha
  1295 | D:2      | Gained mutation: You have a pair of horns on your head.
                  | [demonic ancestry]
  1295 | D:2      | Reached XP level 4. HP: 30/30 MP: 1/7
  1731 | D:2      | Noticed Natasha
  1738 | D:2      | Killed Natasha
  2017 | D:2      | Noticed Natasha
  2028 | D:2      | Killed Natasha
  2029 | D:2      | Reached XP level 5. HP: 21/35 MP: 1/8
  2138 | D:2      | Found a runed translucent door.
  2139 | D:2      | Noticed Crazy Yiuf
  2841 | D:3      | Identified the +3 leather armour of Azaruute {Drain +Blink
                  | rN+ Int+5}
  3098 | D:3      | You fall into a shaft and drop 1 floor!
  3112 | D:4      | Reached skill level 1 in Conjurations
  3112 | D:4      | Reached skill level 5 in Poison Magic
  3150 | D:4      | Found a shimmering blue altar of Sif Muna.
  3163 | D:4      | Noticed an ogre
  3172 | D:4      | Killed an ogre
  3173 | D:4      | Gained mutation: You sometimes gain a little power by
                  | taking damage. [demonic ancestry]
  3173 | D:4      | Reached XP level 6. HP: 41/41 MP: 6/9
  3181 | D:4      | Became a worshipper of Sif Muna the Loreminder
  3881 | D:4      | Found a transporter.
  3893 | D:4      | Identified the +4 spear of Joilebon {vamp, rC+ Will+ Str-2
                  | SInv}
  4094 | D:4      | Found a transporter.
  4127 | D:4      | Reached XP level 7. HP: 46/46 MP: 10/10
  4175 | D:4      | Noticed Dowan
  4206 | D:5      | Entered Level 5 of the Dungeon
  4261 | D:5      | Reached * piety under Sif Muna
  4268 | D:5      | Reached skill level 6 in Poison Magic
  4686 | D:5      | Noticed Pikel
  4821 | D:4      | Noticed pigah's ghost (novice OpWn)
  5007 | D:5      | Reached skill level 7 in Poison Magic
  5203 | D:5      | Found Bawour's Jewellery Shoppe.
  5444 | D:4      | Killed Pikel
  5445 | D:4      | Reached skill level 9 in Poison Magic
  5445 | D:4      | Gained mutation: Spells you cast may paralyse adjacent
                  | enemies. [demonic ancestry]
  5445 | D:4      | Reached XP level 8. HP: 39/52 MP: 9/11
  5696 | D:5      | Found a shadowy altar of Dithmenos.
  5697 | D:5      | Found a broken altar of Ashenzari.
  5783 | D:6      | Found a radiant altar of Vehumet.
  5951 | D:6      | Found a glowing drain.
  5968 | Sewer    | Entered a sewer
  6579 | D:6      | Found a sparkling altar of Nemelex Xobeh.
  7179 | D:7      | Found a shimmering altar of Xom.
  7245 | D:7      | Found a staircase to the Ecumenical Temple.
  7276 | D:7      | Reached skill level 10 in Poison Magic
  7276 | D:7      | Reached XP level 9. HP: 57/57 MP: 12/12
  7281 | D:7      | Learned a level 4 spell: Olgreb's Toxic Radiance
  7325 | D:5      | Bought a +6 ring of intelligence for 396 gold pieces
  7547 | D:7      | Found a blossoming altar of Fedhas.
  7660 | D:7      | Found a sand-covered staircase.
  7710 | D:7      | Noticed Maggie
  7718 | D:7      | Killed Maggie
  7719 | D:7      | Reached skill level 1 in Fighting
  7719 | D:7      | Reached skill level 1 in Short Blades
  7842 | D:7      | Reached ** piety under Sif Muna
  8345 | Temple   | Entered the Ecumenical Temple
  8704 | D:8      | Noticed Joseph
  8722 | D:8      | Killed Joseph
  8723 | D:8      | Reached skill level 5 in Invocations
  8871 | D:9      | Noticed a troll
  8880 | D:9      | Killed a troll
  9083 | D:9      | Noticed a two-headed ogre
  9099 | D:9      | Noticed a troll
  9114 | D:9      | Killed from afar by an acid dragon

Illustrated notes

Levels and vault maps discovered:
D:1:      dpeg_arrival_tiny_d, layout_rooms, ebering_ecumenical_altar_petrified,
          minmay_misc_feat_four_crosses, minmay_gold_behind_fungi,
          minmay_misc_feat_x, minmay_hexomino_p4
D:2:      layout_loops_ring, uniq_natasha, uniq_crazy_yiuf_cottage, uniq_sigmund
D:3:      layout_loops_ring, chequers_serial_rivers_small_b
D:4:      layout_rooms, mainiacjoe_overflow_alcove_2,
          gammafunk_ghost_gnarly_gnolls, uniq_duvessa
D:5:      layout_cave_pools, gammafunk_temple_overflow_claw, serial_shops, shop,
          minmay_crossroads, uniq_pikel
D:6:      layout_rooms, fiery_altar_vehumet, old_standard_altar,
          portal_sewer_entry_d, nicolae_eternal_life
D:7:      layout_basic, lemuel_coloured_pillars_altar,
          mainiacjoe_overflow_tiny_flanked, minmay_temple_entry_sparse_star,
          enter_ossuary_5, small_statue_intersection, kennysheep_another_room,
          minmay_fountain_box, uniq_maggie
D:8:      layout_cave_pools, uniq_joseph
D:9:      layout_basic, mainiacjoe_overflow_surrounded_room, enter_bailey_5
Temple:   oiseaux_autumnal_temple

Skill      XL: |  1  2  3  4  5  6  7  8  9 |
---------------+----------------------------+-----
Air Magic      | 1 2 3 4 |  4.7
Poison Magic   | 4 5 9 10 | 10.4
Conjurations   | 1 2 3 |  3.0
Invocations    | 4 5 |  5.7
Stealth        | 2 3 |  3.7
Fighting       | 2 |  2.7
Short Blades   | 2 |  2.4
Spellcasting   | 3 |  3.2
Dodging        | |  1.7
Transmutations | |  0.8

Action                   |  1- 3 |  4- 6 |  7- 9 || total
-------------------------+-------+-------+-------++-------
Melee: Dagger            |    49 |    26 |    50 ||   125
       Unarmed           |     2 |       |       ||     2
       Headbutt          |     6 |    11 |    16 ||    33
       Punch             |     1 |       |       ||     1
       Mace              |       |    13 |       ||    13
       Whip              |       |    29 |    65 ||    94
       Short sword       |       |       |     7 ||     7
 Cast: Sting             |    42 |    33 |    34 ||   109
       Poisonous Vapours |     5 |    60 |   144 ||   209
       Mephitic Cloud    |       |     1 |     7 ||     8
  Use: Scroll            |       |     3 |     4 ||     7
       Potion            |       |       |     1 ||     1
 Stab: Sleeping          |     3 |       |     2 ||     5
       Paralysed         |       |       |    31 ||    31
       Confused          |       |       |     4 ||     4
Armor: Robe              |    11 |     7 |       ||    18
       Leather armour    |       |    22 |    53 ||    75
Dodge: Dodged            |    34 |    52 |    77 ||   163
Block: Other             |       |       |    36 ||    36

Table legend: (Time is in decaauts)
 A = Elapsed time spent in this place.
 B = Non-inter-level travel time spent in this place.
 C = Inter-level travel time spent in this place.
 D = Time resting spent in this place.
 E = Time spent auto-exploring this place.
 F = Levels seen in this place.
 G = Mean time per level.
                   A        B        C        D        E       F      G
               +--------+--------+--------+--------+--------+-----+--------+
         Total |   9196 |   8696 |    500 |   1396 |   5388 |  11 |  836.0 |
       Dungeon |   8823 |   8331 |    492 |   1386 |   5142 |   9 |  980.3 |
        Temple |     34 |     26 |      8 |      0 |     25 |   1 |   34.0 |
         Sewer |    337 |    337 |      0 |     10 |    220 |   1 |  337.0 |
               +--------+--------+--------+--------+--------+-----+--------+

Top non-repeatable levels by time:
     D:2: 1498 daAuts
     D:4: 1300 daAuts
     D:5: 1228 daAuts
     D:7: 1169 daAuts
     D:3: 1038 daAuts
     D:6: 932 daAuts
     D:1: 924 daAuts
     D:8: 457 daAuts
   Sewer: 337 daAuts
     D:9: 275 daAuts
  Temple: 34 daAuts
